 Dungeon Crawl Stone Soup version 0.23-a0-143-g1adec7b (webtiles) character file.

7 Amnesiac the Sneak (level 1, 0/18 HPs)
             Began as a Mummy Wanderer on Sept 3, 2018.
             Slain by a worm (6 damage)
             ... on level 3 of the Dungeon.
             The game lasted 00:00:49 (327 turns).

Amnesiac the Sneak (Mummy Wanderer)                  Turns: 327, Time: 00:00:49

Health: 0/18       AC:  2    Str: 14    XL:     1   Next: 83%
Magic:  1/1        EV: 12    Int:  8    God:
Gold:   67         SH:  0    Dex: 15    Spells: 0/0 levels left

rFire    x . .     SeeInvis .   a - +2 dagger
rCold    + . .     Gourm    .   (no shield)
rNeg     + + +     Faith    .   d - +0 robe
rPois    ∞         Spirit   .   (no helmet)
rElec    .         Reflect  .   (no cloak)
rCorr    .         Harm     .   (no gloves)
MR       .....                  (no boots)
Stlth    ++........             (no amulet)
HPRegen  0.06/turn              (no ring)
MPRegen  0.07/turn              (no ring)

@: no status effects
A: no food or potions, fire vulnerability, cold resistance 1, negative energy
resistance 3, torment resistance, unbreathing
a: no special abilities


You were on level 3 of the Dungeon.
You were not hungry.

You visited 1 branch of the dungeon, and saw 3 of its levels.

You collected 67 gold pieces.

Inventory:

Hand Weapons
 a - a +2 dagger (weapon)
Armour
 d - a +0 robe (worn)
Scrolls
 b - a scroll of fear {!r}
 c - 2 scrolls of teleportation {!r}
 e - 2 scrolls of amnesia {!r, unknown}


   Skills:
 - Level 3.0 Fighting
 + Level 1.2 Short Blades
 - Level 1.5 Dodging
 - Level 3.2 Stealth
   Level 1.0 Evocations


You couldn't memorise any spells.
You didn't know any spells.
Your spell library was empty.

Dungeon Overview and Level Annotations

Branches:
Dungeon (3/15)

Altars:


Innate Abilities, Weirdness & Mutations

You do not eat or drink.
Your flesh is vulnerable to fire.
You are immune to poison.
Your flesh is cold resistant. (rC+)
You are immune to negative energy. (rN+++)
You are immune to unholy pain and torment.
You can survive without breathing.


Message History

You climb upwards.
There is a stone staircase leading down here.
There is an open door here.
As you open the door, it creaks loudly!
There is an open door here.
There is a stone staircase leading down here.
You climb downwards.
You hear the sound of rushing water.
There is an entrance to a sewer on this level.
Hurry and find it before the
Found 11 gold pieces.
There is a stone staircase leading up here.
You now have 57 gold pieces (gained 11).
You hear the slow rusting of a very distant drain.
You now have 67 gold pieces (gained 10).
Found a stone staircase leading down.
A worm comes into view.
Found a glowing ruby potion. 2 jackals come into view.
The worm barely misses you.
Found a ring mail.
You hit the worm.
The worm is lightly wounded.
A jackal comes into view.
The jackal moves out of view.
You hit the worm.
The worm is moderately wounded.
The jackal barks!
The worm bites you.
The jackal barks!
You hit the worm but do no damage.
The worm is lightly wounded.
You hit the worm.
The worm is moderately wounded.
The worm bites you!
* * * LOW HITPOINT WARNING * * *
You hit the worm but do no damage.
The worm is lightly wounded.
The worm barely misses you.
You hit the worm.
The worm is moderately wounded.
The jackal bites you but does no damage.
You hit the worm.
The worm is heavily wounded.
The jackal bites you but does no damage.
The worm bites you.
* * * LOW HITPOINT WARNING * * *
The jackal barely misses you.
You completely miss the worm.
The worm is moderately wounded.
The jackal barely misses you.
You barely miss the worm.
The worm is moderately wounded.
The jackal misses you.
The jackal bites you but does no damage.
The worm closely misses you.
You hit the worm.
The worm is heavily wounded.
The jackal closely misses you. The jackal misses you.
The jackal closely misses you.
The jackal bites you but does no damage.
You hit the worm.
The worm is severely wounded.
The jackal closely misses you. x2; The worm bites you.
You die...

. ## .[ .# ...
######.#[.!.
#############>..$......
#................h.##...
#.###########...@h......
#.#<.........####w.##...
#.#.########. ..# #.#(#
## .## #.### .# #.# .#
#.# .# ..# .. ###


You could see a worm and 2 jackals.

Vanquished Creatures
  A ball python (D:1)
  2 goblins (D:1)
  A bat (D:1)
  2 frilled lizards (D:1)
  A rat (D:1)
7 creatures vanquished.

Vanquished Creatures (others)
  9 toadstools (D:3)
9 creatures vanquished.

Grand Total: 16 creatures vanquished

Notes
Turn   | Place    | Note
-------+----------+-------------------------------------------
     0 | D:1      | Amnesiac the Mummy Wanderer began the quest for the Orb.
     0 | D:1      | Amnesiac set off with: a +2 dagger, a scroll of fear {!r},
                  | 2 scrolls of teleportation {!r}, a +0 robe
     0 | D:1      | Reached XP level 1. HP: 18/18 MP: 1/1
    56 | D:1      | Reached skill level 1 in Short Blades
   327 | D:3      | Slain by a worm

Vault maps used:
D:1:      lightli_arrival_quake, st_stairs_2, minmay_misc_feat_diagonals
D:2:      overflow_temple_1_default, first_ration
D:3:      cheibrodos_fertilizer, bloody_makhleb, nicolae_overflow_crystal_walls,
          portal_sewer_entry_b

Skill      XL: |  1 |
---------------+----+-----
Short Blades   | 1 |  1.2
Fighting       | |  3.0
Dodging        | |  1.5
Stealth        | |  3.2
Evocations     | |  1.0

Action                   || total
-------------------------++-------
Melee: Dagger            ||    31
Armor: Robe              ||    10
Dodge: Dodged            ||    25

Table legend:
 A = Non-vault XP
 B = Vault XP
 C = Vault XP percentage of total XP
 D = Non-vault monster count
 E = Vault monster count
 F = Vault count percentage of total count
                 A         B        C        D         E       F
            +---------+---------+-------+---------+---------+-------
      Total |      10 |       0 |   0.0 |       7 |       0 |   0.0
            +---------+---------+-------+---------+---------+-------
        D:1 |      10 |       0 |   0.0 |       7 |       0 |   0.0
            +---------+---------+-------+---------+---------+-------
